[Event "FIDE WYCC Girls U18 2023"]
[Site "Montesilvano"]
[Date "2023.11.16"]
[Round "4.19"]
[White "Groeschel, Karoline"]
[Black "Alexandrova, Angelina"]
[Result "1-0"]
[ECO "C18"]
[WhiteElo "1924"]
[BlackElo "1814"]
[Annotator "RC"]
[PlyCount "119"]
[EventDate "2023.11.13"]
[EventType "swiss"]
[EventCountry "ITA"]
[SourceTitle "playchess.com"]
[Source "ChessBase"]
[SourceQuality "1"]
[TimeControl "40/5400+30:1800+30"]

1. e4 e6 2. d4 d5 3. Nc3 Bb4 4. e5 c5 5. a3 Bxc3+ 6. bxc3 Ne7 7. Qg4 cxd4 8. Bd3 Qc7 9. Ne2 dxc3 10. Qxg7 Rg8 11. Qxh7 Qxe5 12. h4 Nbc6 13. Bf4 Qf6 14. Bg5 Qe5 15. f4 Qe3 16. Kf1 Qc5 17. Bf6 d4 18. h5 Bd7 19. h6 O-O-O 20. Qe4 Nd5 21. Bxd8 Ne3+ 22. Kf2 f5 23. h7 Rh8 24. Qf3 Kxd8 25. Qh5 Qe7 26. Qg5 Ng4+ 27. Kg3 Nf6 28. Rh6 Nxh7 29. Qg6 Be8 30. Qxe6 Qxe6 31. Rxe6 Nf8 32. Rd6+ Kc7 33. Rd5 Bf7 34. Rxf5 Bg6 35. Rxf8 Bxd3 36. Rf7+ Kd6 37. cxd3 Re8 38. Kf3 Re3+ 39. Kf2 Rxd3 40. Rf5 Ne7 41. Rh5 Nd5 42. Ra2 Ne3 43. Nxd4 Ng4+ 44. Ke2 Rxd4 45. g3 a6 46. Rc2 Rc4 47. Rg5 Nf6 48. Kd3 Ra4 49. Rxc3 Ne4 50. Rc4 Nf2+ 51. Kd4 Rxa3 52. Rg6+ Kd7 53. Rc2 Rd3+ 54. Kc4 b5+ 55. Kc5 Ne4+ 56. Kb6 Rxg3 57. Rc7+ Kd8 58. Rh6 Rg8 59. Ra7 Rf8 60. Ra8+ 1-0

[Event "FIDE WYCC Girls U18 2023"]
[Site "Montesilvano"]
[Date "2023.11.16"]
[Round "4.20"]
[White "Changkachith, Alyssa"]
[Black "Menon, Gauri"]
[Result "0-1"]
[ECO "C54"]
[WhiteElo "1147"]
[BlackElo "1821"]
[Annotator "NA RC"]
[PlyCount "84"]
[EventDate "2023.11.13"]
[EventType "swiss"]
[EventCountry "ITA"]
[SourceTitle "playchess.com"]
[Source "ChessBase"]
[SourceQuality "1"]
[TimeControl "40/5400+30:1800+30"]

1. e4 e5 2. Nf3 Nc6 3. d4 exd4 4. Bc4 Bc5 5. c3 Nf6 6. e5 d5 7. Bb5 Ne4 8. cxd4 Bb6 9. Bxc6+ bxc6 10. O-O Bg4 11. Be3 c5 12. dxc5 Nxc5 13. h3 Bxf3 14. Qxf3 O-O 15. Rd1 c6 16. Nc3 Ne6 17. Ne2 Qb8 18. Qg3 Bc7 19. f4 Qxb2 20. Nd4 Nxd4 21. Bxd4 Bb6 22. Bxb6 Qxb6+ 23. Kh1 Rad8 24. f5 Kh8 25. Rab1 Qc7 26. Qc3 Rfe8 27. Re1 d4 28. Qg3 f6 29. Re4 Rxe5 30. Rbe1 Rxe4 31. Qxc7 Rxe1+ 32. Kh2 Ree8 33. Qa5 d3 34. Qd2 c5 35. Kg1 c4 36. g4 c3 37. Qxc3 d2 38. a4 d1=Q+ 39. Kh2 Rd3 40. Qb2 Re2+ 41. Qxe2 Qxe2+ 42. Kh1 Rd1# 0-1

[Event "FIDE WYCC Girls U18 2023"]
[Site "Montesilvano"]
[Date "2023.11.16"]
[Round "4.21"]
[White "Hyatt, Jessica"]
[Black "Keerti Shree Reddy"]
[Result "1-0"]
[ECO "B38"]
[WhiteElo "1818"]
[BlackElo "1741"]
[Annotator "NA RC"]
[PlyCount "63"]
[EventDate "2023.11.13"]
[EventType "swiss"]
[EventCountry "ITA"]
[SourceTitle "playchess.com"]
[Source "ChessBase"]
[SourceQuality "1"]
[TimeControl "40/5400+30:1800+30"]

1. e4 c5 2. Nf3 g6 3. d4 cxd4 4. Nxd4 Bg7 5. c4 Nc6 6. Be3 Nf6 7. Nc3 d6 8. Be2 O-O 9. f3 Nxd4 10. Bxd4 Bd7 11. Qd2 a5 12. Rc1 Bc6 13. O-O Nd7 14. Rfd1 Bxd4+ 15. Qxd4 f6 16. f4 Nc5 17. e5 fxe5 18. fxe5 Ne6 19. Qe3 Nf4 20. Bf1 Qd7 21. Nd5 Bxd5 22. cxd5 Qg4 23. h3 Qg5 24. Re1 h5 25. exd6 exd6 26. Rc7 Rac8 27. Rxc8 Rxc8 28. g3 Rf8 29. Bg2 h4 30. gxf4 Qxf4 31. Qxf4 Rxf4 32. Re4 1-0

[Event "FIDE WYCC Girls U18 2023"]
[Site "Montesilvano"]
[Date "2023.11.16"]
[Round "4.22"]
[White "Barwinska, Ewa"]
[Black "Gonzalez Romo, Greshya Jocelyn"]
[Result "1-0"]
[ECO "B40"]
[WhiteElo "1974"]
[BlackElo "1494"]
[Annotator "NA RC"]
[PlyCount "81"]
[EventDate "2023.11.13"]
[EventType "swiss"]
[EventCountry "ITA"]
[SourceTitle "playchess.com"]
[Source "ChessBase"]
[SourceQuality "1"]
[TimeControl "40/5400+30:1800+30"]

1. e4 c5 2. Nf3 e6 3. d3 Nc6 4. g3 g6 5. c3 e5 6. d4 exd4 7. cxd4 Bg7 8. d5 Nd4 9. Nxd4 Bxd4 10. Qc2 d6 11. Bd2 f5 12. Bc3 Qf6 13. Bb5+ Kf7 14. Nd2 Ne7 15. O-O a6 16. Bd3 Bxc3 17. bxc3 b5 18. c4 Bd7 19. Rfe1 Kg7 20. exf5 Bxf5 21. Ne4 Bxe4 22. Bxe4 Rhf8 23. Rab1 b4 24. Rb3 Qg5 25. Rbe3 Rf7 26. Bd3 Nf5 27. Bxf5 Qxf5 28. Qe2 Raf8 29. f4 Rf6 30. Qb2 Kh6 31. Qd2 a5 32. Qd1 g5 33. fxg5+ Qxg5 34. Re4 Qf5 35. Rf4 Qd7 36. Re6 Rxe6 37. dxe6 Qe7 38. Rg4 Qf6 39. Qd2+ Kh5 40. Rh4+ Kg6 41. Rh6+ 1-0

[Event "FIDE WYCC Girls U18 2023"]
[Site "Montesilvano"]
[Date "2023.11.16"]
[Round "4.23"]
[White "Zubova, Darja"]
[Black "Hakobyan, Astghik"]
[Result "0-1"]
[ECO "C67"]
[WhiteElo "1582"]
[BlackElo "2073"]
[Annotator "NA RC"]
[PlyCount "72"]
[EventDate "2023.11.13"]
[EventType "swiss"]
[EventCountry "ITA"]
[SourceTitle "playchess.com"]
[Source "ChessBase"]
[SourceQuality "1"]
[TimeControl "40/5400+30:1800+30"]

1. e4 e5 2. Nf3 Nc6 3. Bb5 Nf6 4. O-O Nxe4 5. Re1 Nd6 6. a4 Be7 7. Nc3 a6 8. Bf1 e4 9. Nxe4 Nxe4 10. Rxe4 d5 11. Re1 O-O 12. d4 Bg4 13. c3 Qd6 14. Bd3 Rae8 15. h3 Bh5 16. a5 Bd8 17. Be3 Qf6 18. g4 Bg6 19. g5 Qe6 20. Kg2 Qd7 21. Rh1 Be4 22. Bxe4 dxe4 23. Nd2 Ne7 24. h4 Nd5 25. Rh3 f5 26. gxf6 Rxf6 27. h5 Nf4+ 28. Bxf4 Rxf4 29. Qe2 Bh4 30. Rf1 Qf5 31. Qc4+ Kh8 32. f3 e3 33. Ne4 Rexe4 34. fxe4 Qg4+ 35. Kh2 e2 36. Qxc7 exf1=N+ 0-1

[Event "FIDE WYCC Girls U18 2023"]
[Site "Montesilvano"]
[Date "2023.11.16"]
[Round "4.24"]
[White "Follana Albelda, Lucia"]
[Black "Ajradinoska, Indzi"]
[Result "1-0"]
[ECO "C11"]
[WhiteElo "1946"]
[BlackElo "1594"]
[Annotator "NA RC"]
[PlyCount "41"]
[EventDate "2023.11.13"]
[EventType "swiss"]
[EventCountry "ITA"]
[SourceTitle "playchess.com"]
[Source "ChessBase"]
[SourceQuality "1"]
[TimeControl "40/5400+30:1800+30"]

1. e4 e6 2. d4 d5 3. Nc3 Nf6 4. Bg5 dxe4 5. Nxe4 Be7 6. Bxf6 gxf6 7. Qd3 b6 8. O-O-O Bb7 9. Nc3 Nd7 10. d5 a6 11. dxe6 fxe6 12. Qh3 f5 13. Qh5+ Kf8 14. Nf3 Bf6 15. Bc4 Qe7 16. Rhe1 Bxc3 17. Rxe6 Bxb2+ 18. Kxb2 Qg7+ 19. Kb1 Be4 20. Rxd7 Qxd7 21. Qh6+ 1-0

[Event "FIDE WYCC Girls U18 2023"]
[Site "Montesilvano"]
[Date "2023.11.16"]
[Round "4.25"]
[White "Hoanca, Alexia-Ioana"]
[Black "Sasvatha A"]
[Result "0-1"]
[ECO "B12"]
[WhiteElo "1830"]
[BlackElo "1568"]
[Annotator "NA COMBH"]
[PlyCount "156"]
[EventDate "2023.11.13"]
[EventType "swiss"]
[EventCountry "ITA"]
[SourceTitle "playchess.com"]
[Source "ChessBase"]
[SourceQuality "1"]
[TimeControl "40/5400+30:1800+30"]

1. e4 c6 2. d4 d5 3. e5 Bf5 4. h4 h5 5. Bd3 Bxd3 6. Qxd3 e6 7. Nf3 c5 8. dxc5 Bxc5 9. O-O Nc6 10. Nbd2 Be7 11. c4 dxc4 12. Qxc4 Nh6 13. Ne4 Ng4 14. Bf4 O-O 15. Neg5 Bxg5 16. Nxg5 Qd4 17. Qc2 Rfe8 18. Qh7+ Kf8 19. Be3 Qxe5 20. Nf3 Qf5 21. Qh8+ Ke7 22. Qxg7 Rg8 23. Bg5+ Nf6 24. Qh6 Qg6 25. Bxf6+ Kxf6 26. Qf4+ Qf5 27. Qxf5+ Kxf5 28. Rac1 f6 29. Rc3 e5 30. Rfc1 Rad8 31. Kf1 Rg4 32. g3 Rg7 33. Rc5 Rgd7 34. a3 Rd3 35. Ne1 Rb3 36. R1c2 Rd1 37. R5c3 Rxc3 38. Rxc3 Rb1 39. Rf3+ Ke6 40. Rb3 Nd4 41. Rc3 e4 42. Re3 Kd5 43. b4 Nf3 44. g4 Nh2+ 45. Kg2 Nxg4 46. Re2 f5 47. Kg3 Ne5 48. Ng2 Rb3+ 49. Kf4 Rf3+ 50. Kg5 Nd3 51. Ne3+ Ke6 52. Nd1 Ke5 53. Rd2 f4 54. Kxh5 Kf5 55. Rc2 Nxf2 56. Nxf2 Rxf2 57. Rxf2 f3 58. Rf1 Kf4 59. Kg6 e3 60. h5 e2 61. Re1 f2 62. Rxe2 f1=Q 63. Re6 Qd3+ 64. Kh6 Qd4 65. Kg6 Qh8 66. Re7 Kg4 67. h6 Qg8+ 68. Rg7 Qe6+ 69. Kh7+ Kh5 70. Rg1 Qxh6+ 71. Kg8 Qe6+ 72. Kf8 Qf5+ 73. Ke8 Qe4+ 74. Kf7 Qf3+ 75. Kg8 Qxa3 76. Kh8 Qxb4 77. Rg7 Qd4 78. Kh7 Qxg7+ 0-1

[Event "FIDE WYCC Girls U18 2023"]
[Site "Montesilvano"]
[Date "2023.11.16"]
[Round "4.26"]
[White "Latifah, Darmaki"]
[Black "Hernandez Ortega, Carolina"]
[Result "1-0"]
[ECO "C99"]
[WhiteElo "1367"]
[BlackElo "1796"]
[Annotator "NA RC"]
[PlyCount "119"]
[EventDate "2023.11.13"]
[EventType "swiss"]
[EventCountry "ITA"]
[SourceTitle "playchess.com"]
[Source "ChessBase"]
[SourceQuality "1"]
[TimeControl "40/5400+30:1800+30"]

1. e4 e5 2. Nf3 Nc6 3. Bb5 a6 4. Ba4 Nf6 5. O-O Be7 6. Re1 b5 7. Bb3 O-O 8. c3 d6 9. h3 Na5 10. Bc2 c5 11. d4 cxd4 12. cxd4 Qc7 13. Nbd2 Re8 14. Nb3 Nc6 15. dxe5 dxe5 16. a3 a5 17. Be3 a4 18. Nbd2 Bb7 19. Bd3 b4 20. Nc4 bxa3 21. bxa3 Nd7 22. Rb1 Bc5 23. Bxc5 Nxc5 24. Nb6 Red8 25. Nxa8 Bxa8 26. Re3 Nd4 27. Nxd4 exd4 28. Re1 Qd6 29. Rb5 Bc6 30. e5 Qe7 31. Rb4 Qg5 32. g3 Qh6 33. Kh2 Bd7 34. Rxd4 Qxh3+ 35. Kg1 g5 36. Bf1 Qe6 37. Qh5 Qe7 38. Qh6 Bf5 39. Rxd8+ Qxd8 40. Qf6 Qxf6 41. exf6 Ne6 42. Bb5 Bc2 43. Rc1 Bf5 44. Bxa4 h6 45. Rc8+ Kh7 46. Bc2 Bxc2 47. Rxc2 Kg6 48. a4 Nd4 49. a5 Nxc2 50. a6 Nd4 51. a7 Ne6 52. a8=Q Kxf6 53. Kg2 Kg7 54. Qe4 Nf8 55. Kh3 Nh7 56. f4 gxf4 57. gxf4 Kg8 58. Qf5 Kg7 59. Qg4+ Kf8 60. Kh4 1-0

[Event "FIDE WYCC Girls U18 2023"]
[Site "Montesilvano"]
[Date "2023.11.16"]
[Round "4.27"]
[White "Egger, Stefanie"]
[Black "Ham Corona, Ana Paola"]
[Result "1-0"]
[ECO "B27"]
[WhiteElo "1784"]
[BlackElo "1318"]
[Annotator "NA RC"]
[PlyCount "101"]
[EventDate "2023.11.13"]
[EventType "swiss"]
[EventCountry "ITA"]
[SourceTitle "playchess.com"]
[Source "ChessBase"]
[SourceQuality "1"]
[TimeControl "40/5400+30:1800+30"]

1. e4 c5 2. Nf3 g6 3. d4 cxd4 4. Qxd4 Nf6 5. Qa4 Nc6 6. Nc3 Bg7 7. e5 Ng8 8. Bf4 Nh6 9. h3 O-O 10. Bd3 Re8 11. O-O d6 12. exd6 exd6 13. Rad1 Bd7 14. Qa3 Be5 15. Nxe5 dxe5 16. Bxh6 g5 17. Be4 Nd4 18. h4 f6 19. Bd5+ Kh8 20. Ne4 Bf5 21. c4 Be6 22. Bxe6 Rxe6 23. hxg5 f5 24. Nf6 f4 25. Qh3 Rxf6 26. gxf6 Qxf6 27. Rfe1 f3 28. Rxd4 exd4 29. Qe6 Qxe6 30. Rxe6 Rg8 31. g3 Rg6 32. Re8+ Rg8 33. Rxg8+ Kxg8 34. Kf1 Kf7 35. Ke1 Kg6 36. Bf8 b6 37. Bd6 Kf5 38. Kd2 Ke4 39. Bb8 a6 40. Ba7 b5 41. c5 Kd5 42. Kd3 h6 43. c6 Kxc6 44. Bxd4 Kd5 45. Ke3 h5 46. Bg7 Ke6 47. Kxf3 Kf5 48. Bc3 Kg5 49. Ke4 Kg4 50. Be5 Kg5 51. f4+ 1-0

[Event "FIDE WYCC Girls U18 2023"]
[Site "Montesilvano"]
[Date "2023.11.16"]
[Round "4.28"]
[White "Soares, Sara Joana De Moura "]
[Black "Monteiro, Helen Ramazzotte"]
[Result "1-0"]
[ECO "E91"]
[WhiteElo "1772"]
[BlackElo "1447"]
[Annotator "NA RC"]
[PlyCount "109"]
[EventDate "2023.11.13"]
[EventType "swiss"]
[EventCountry "ITA"]
[SourceTitle "playchess.com"]
[Source "ChessBase"]
[SourceQuality "1"]
[TimeControl "40/5400+30:1800+30"]

1. d4 Nf6 2. c4 g6 3. Nc3 Bg7 4. e4 d6 5. Nf3 O-O 6. Be2 Nbd7 7. O-O e5 8. d5 a5 9. Ne1 Nc5 10. f3 Ne8 11. Be3 b6 12. b3 f5 13. a3 f4 14. Bf2 g5 15. b4 Nd7 16. Nd3 axb4 17. axb4 Rxa1 18. Qxa1 h5 19. c5 bxc5 20. bxc5 Ndf6 21. Rb1 dxc5 22. Bxc5 Nd6 23. Qa3 Re8 24. Rb8 Qe7 25. Qa7 Qf7 26. Nxe5 Qe7 27. Nc4 Nd7 28. Rb3 Nxc5 29. Qxc5 Ba6 30. Nxd6 cxd6 31. Qf2 Bxe2 32. Qxe2 Qa7+ 33. Kf1 Qa1+ 34. Nd1 Rc8 35. Rd3 Rc1 36. g3 Be5 37. Kg2 Qb1 38. Kh3 fxg3 39. hxg3 Kg7 40. Kg2 h4 41. gxh4 gxh4 42. Kh3 Bg3 43. Kg4 Qa1 44. Qd2 Kf7 45. Rb3 Rc7 46. Ne3 Qg7+ 47. Kh3 Qg5 48. Qb2 Be5 49. Qg2 Bg3 50. Nf5 Qf6 51. Nxg3 hxg3 52. Qxg3 Qh6+ 53. Qh4 Qg6 54. Rb8 Ra7 55. Qf4+ 1-0

[Event "FIDE WYCC Girls U18 2023"]
[Site "Montesilvano"]
[Date "2023.11.16"]
[Round "4.29"]
[White "O'Carroll, Om"]
[Black "Yim, Jay"]
[Result "1-0"]
[ECO "B31"]
[WhiteElo "1737"]
[BlackElo "1310"]
[Annotator "NA RC"]
[PlyCount "53"]
[EventDate "2023.11.13"]
[EventType "swiss"]
[EventCountry "ITA"]
[SourceTitle "playchess.com"]
[Source "ChessBase"]
[SourceQuality "1"]
[TimeControl "40/5400+30:1800+30"]

1. e4 c5 2. Nf3 Nc6 3. Bb5 g6 4. O-O Bg7 5. c3 Nf6 6. Re1 O-O 7. d4 d5 8. e5 Ne4 9. Be3 e6 10. Nbd2 Nxd2 11. Qxd2 Qc7 12. h4 a6 13. Bd3 b5 14. Bh6 Ne7 15. g4 Bd7 16. h5 Kh8 17. Kg2 f5 18. hxg6 Nxg6 19. Rh1 fxg4 20. Bxg7+ Kxg7 21. Qh6+ Kf7 22. Qxh7+ Ke8 23. Bxg6+ Kd8 24. Ng5 Kc8 25. Qe7 Kb7 26. Rh7 Kc6 27. Nxe6 1-0

[Event "FIDE WYCC Girls U18 2023"]
[Site "Montesilvano"]
[Date "2023.11.16"]
[Round "4.30"]
[White "Gavrileva, Anna"]
[Black "Tikvesli, Ceylin"]
[Result "0-1"]
[ECO "A48"]
[WhiteElo "1316"]
[BlackElo "1736"]
[Annotator "NA COMBH"]
[PlyCount "148"]
[EventDate "2023.11.13"]
[EventType "swiss"]
[EventCountry "ITA"]
[SourceTitle "playchess.com"]
[Source "ChessBase"]
[SourceQuality "1"]
[TimeControl "40/5400+30:1800+30"]

1. d4 Nf6 2. Nf3 g6 3. Bg5 Bg7 4. e3 c5 5. Nbd2 Qa5 6. c3 d6 7. Be2 h6 8. Bh4 Bf5 9. O-O O-O 10. Qb3 Qc7 11. Rfe1 Nc6 12. Bf1 g5 13. Bg3 cxd4 14. Nxd4 Bg6 15. h3 a6 16. N4f3 Na5 17. Qd1 Qb6 18. b4 Nc6 19. Qb3 d5 20. a3 Nh5 21. Bh2 Rad8 22. g4 Nf6 23. Rad1 Rfe8 24. Ne5 Bh7 25. Ndf3 e6 26. c4 Qa7 27. c5 Ne4 28. Nxc6 bxc6 29. Nd4 Qb7 30. Qa4 Nc3 31. Qxc6 Qxc6 32. Nxc6 Rc8 33. Na5 Nxd1 34. Rxd1 Ra8 35. c6 Rec8 36. a4 Bc2 37. Rc1 Bxa4 38. c7 e5 39. Nb7 Ra7 40. Nd6 Rcxc7 41. Rxc7 Rxc7 42. Nf5 Rc1 43. Kg2 Bb5 44. Bxb5 axb5 45. Ne7+ Kh7 46. Nxd5 Rc4 47. Bg3 f6 48. f3 e4 49. fxe4 Rxe4 50. Kf3 Re6 51. Nc7 Rb6 52. Nd5 Rc6 53. Nc7 Bf8 54. Nxb5 Bxb4 55. Nd4 Ra6 56. Nf5 Ra1 57. Bf2 Bc5 58. Kg3 Kg6 59. Kf3 h5 60. Kg3 Bb6 61. Kf3 h4 62. Kg2 Kf7 63. Kf3 Ke6 64. Kg2 Ke5 65. Kf3 Rb1 66. Ng7 Rb3 67. Nf5 Ba5 68. Ne7 Kd6 69. Nf5+ Kd7 70. Ng7 Bc7 71. Nf5 Be5 72. Nh6 Ke6 73. Nf5 Kd5 74. Nh6 Kc4 0-1

[Event "FIDE WYCC Girls U18 2023"]
[Site "Montesilvano"]
[Date "2023.11.16"]
[Round "4.31"]
[White "Tsapaki, Asimenia"]
[Black "Lu, Yun-Ru"]
[Result "1/2-1/2"]
[ECO "C45"]
[WhiteElo "1702"]
[BlackElo "1284"]
[Annotator "NA RC"]
[PlyCount "107"]
[EventDate "2023.11.13"]
[EventType "swiss"]
[EventCountry "ITA"]
[SourceTitle "playchess.com"]
[Source "ChessBase"]
[SourceQuality "1"]
[TimeControl "40/5400+30:1800+30"]

1. e4 e5 2. Nf3 Nc6 3. d4 exd4 4. Nxd4 Bc5 5. Nb3 Bb6 6. Nc3 d6 7. Qe2 h6 8. Bf4 Be6 9. O-O-O Qd7 10. h3 O-O-O 11. g4 g5 12. Bg3 Nge7 13. Bg2 Kb8 14. Nb5 Nc8 15. Kb1 Qe7 16. Rhe1 f6 17. Nc3 Qf7 18. Nd5 Rhe8 19. Qd2 Ne5 20. Nd4 Nc4 21. Qc3 Bxd5 22. exd5 Rxe1 23. Rxe1 Ne5 24. Ne6 Re8 25. a4 a6 26. a5 Ba7 27. Re4 c5 28. f4 Ng6 29. fxg5 hxg5 30. Nxc5 Bxc5 31. Qxc5 Rxe4 32. Bxe4 Nf4 33. Bxf4 gxf4 34. Qf2 Ne7 35. Qxf4 Nxd5 36. Qxd6+ Nc7 37. Qd8+ Ka7 38. Qd4+ Kb8 39. Qd8+ Ka7 40. Qc8 Nb5 41. c4 Qe7 42. Qxb7+ Qxb7 43. Bxb7 Nd6 44. Bd5 Kb8 45. h4 f5 46. g5 f4 47. h5 Nf5 48. h6 Ne7 49. Be4 f3 50. Bxf3 Ng6 51. Be4 Nh8 52. g6 Nf7 53. gxf7 Ka7 54. f8=Q 1/2-1/2

[Event "FIDE WYCC Girls U18 2023"]
[Site "Montesilvano"]
[Date "2023.11.16"]
[Round "4.32"]
[White "Swara Lakshmi S Nair"]
[Black "Larsson, Susanne Wiggen"]
[Result "1-0"]
[ECO "B07"]
[WhiteElo "1659"]
[BlackElo "1159"]
[Annotator "NA COMBH RC"]
[PlyCount "33"]
[EventDate "2023.11.13"]
[EventType "swiss"]
[EventCountry "ITA"]
[SourceTitle "playchess.com"]
[Source "ChessBase"]
[SourceQuality "1"]
[TimeControl "40/5400+30:1800+30"]

1. e4 d6 2. d4 Nf6 3. Nc3 g6 4. Be3 c6 5. h3 b5 6. e5 Nfd7 7. exd6 exd6 8. d5 b4 9. Qd4 Nf6 10. Qxb4 cxd5 11. Bb5+ Nbd7 12. Bc6 a5 13. Qd4 Ra6 14. Bb5 Ra8 15. Nxd5 Be7 16. Nxf6+ Bxf6 {[%emt 0:00:23] 6.42} 17. Qe4+ 1-0

[Event "FIDE WYCC Girls U18 2023"]
[Site "Montesilvano"]
[Date "2023.11.16"]
[Round "4.34"]
[White "Chavez Echeverria, Ana Karen"]
[Black "Graziani, Emma"]
[Result "1-0"]
[ECO "A43"]
[WhiteElo "1230"]
[BlackElo "1783"]
[Annotator "NA RC"]
[PlyCount "115"]
[EventDate "2023.11.13"]
[EventType "swiss"]
[EventCountry "ITA"]
[SourceTitle "playchess.com"]
[Source "ChessBase"]
[SourceQuality "1"]
[TimeControl "40/5400+30:1800+30"]

1. d4 c5 2. dxc5 e6 3. Bf4 Bxc5 4. Nf3 d5 5. e3 Nf6 6. Bd3 O-O 7. O-O Nc6 8. Nbd2 Re8 9. Bg5 h6 10. Bh4 Be7 11. Re1 g5 12. Bg3 Nh7 13. Nd4 Bf6 14. c3 Bg7 15. Nxc6 bxc6 16. Qf3 f5 17. Rad1 Qf6 18. h3 e5 19. Qe2 e4 20. Bb1 f4 21. exf4 gxf4 22. Qh5 Re5 23. Qh4 fxg3 24. Qxg3 Rg5 25. Qh2 Bf8 26. Bxe4 dxe4 27. Nxe4 Qg7 28. Nxg5 Nxg5 29. Re3 Kh7 30. h4 Ne6 31. Rde1 Qf7 32. Rf3 Qg7 33. Kh1 a5 34. Rfe3 Qf7 35. Qe5 Bd7 36. Qe4+ Kh8 37. Qe5+ Bg7 38. Qg3 a4 39. a3 Rg8 40. Rf3 Qe7 41. Qh3 Qd6 42. Rd3 Qe7 43. Rxd7 Qxd7 44. Qxe6 Qxe6 45. Rxe6 Rc8 46. Re7 Rb8 47. Re2 Kg8 48. Kg1 Kf7 49. Kf1 Rb7 50. Ke1 Rxb2 51. Rxb2 Bxc3+ 52. Rd2 Bxd2+ 53. Kxd2 Ke6 54. Kc3 Kd5 55. g4 Ke5 56. Kc4 Kf4 57. f3 Ke5 58. Kc5 1-0

[Event "FIDE WYCC Girls U18 2023"]
[Site "Montesilvano"]
[Date "2023.11.16"]
[Round "4.35"]
[White "Galli, Maria Vittoria"]
[Black "Nielsen-Refs, Ingrid Elmer"]
[Result "1/2-1/2"]
[ECO "B30"]
[WhiteElo "1452"]
[BlackElo "1676"]
[Annotator "NA RC"]
[PlyCount "69"]
[EventDate "2023.11.13"]
[EventType "swiss"]
[EventCountry "ITA"]
[SourceTitle "playchess.com"]
[Source "ChessBase"]
[SourceQuality "1"]
[TimeControl "40/5400+30:1800+30"]

1. e4 c5 2. Nf3 Nc6 3. c3 Nf6 4. e5 Nd5 5. d4 cxd4 6. cxd4 d6 7. Bc4 e6 8. O-O Nb6 9. Bb3 Be7 10. Nc3 O-O 11. Re1 a6 12. Be3 Qc7 13. Rc1 Rd8 14. Qe2 dxe5 15. dxe5 Nd7 16. Bf4 b5 17. Ne4 Bb7 18. Nd6 Bxd6 19. exd6 Qa5 20. Ng5 Nf8 21. Red1 Rd7 22. h4 Qb4 23. Bg3 Nd4 24. Qd2 Qxd2 25. Rxd2 Nxb3 26. axb3 Bd5 27. b4 h5 28. Rdc2 Rad8 29. Rc7 f6 30. Nh3 e5 31. f4 Rxd6 32. fxe5 fxe5 33. Bxe5 R6d7 34. Rxd7 Nxd7 35. Bc3 1/2-1/2

[Event "FIDE WYCC Girls U18 2023"]
[Site "Montesilvano"]
[Date "2023.11.17"]
[Round "5.1"]
[White "Wikar, Martyna"]
[Black "Naymanova, Patricie"]
[Result "1-0"]
[ECO "B47"]
[WhiteElo "2228"]
[BlackElo "2083"]
[Annotator "ChessBase"]
[PlyCount "71"]
[EventDate "2023.11.13"]
[EventType "swiss"]
[EventCountry "ITA"]
[SourceTitle "playchess.com"]
[Source "ChessBase"]
[SourceQuality "1"]
[TimeControl "40/5400+30:1800+30"]

1. e4 c5 2. Nf3 e6 3. d4 cxd4 4. Nxd4 Nc6 5. Nc3 Qc7 6. f4 a6 7. Nxc6 Qxc6 8. Bd3 b5 9. Qe2 Bb7 10. Bd2 Be7 11. a3 Nf6 12. O-O-O b4 13. axb4 Bxb4 14. Rhe1 Rb8 15. g4 O-O 16. g5 Ne8 17. Qh5 f5 18. gxf6 Rxf6 19. Rg1 Kh8 20. e5 Rh6 21. Qf7 Qc5 22. f5 Rxh2 23. f6 Qf8 24. Qxd7 gxf6 25. Qxe6 Bc8 26. Qc4 Bc5 27. Rh1 Rxh1 28. Rxh1 f5 29. Rxh7+ Kxh7 30. Qh4+ Kg6 31. Qg5+ Kf7 32. Bc4+ Be6 33. Qxf5+ Ke7 34. Bg5+ Kd7 35. Qxe6+ Kc7 36. Nd5+ 1-0

[Event "FIDE WYCC Girls U18 2023"]
[Site "Montesilvano"]
[Date "2023.11.17"]
[Round "5.2"]
[White "Zhurova, Anna"]
[Black "Nguyen Hong Nhung"]
[Result "1-0"]
[ECO "B48"]
[WhiteElo "2149"]
[BlackElo "1975"]
[Annotator "ChessBase"]
[PlyCount "181"]
[EventDate "2023.11.13"]
[EventType "swiss"]
[EventCountry "ITA"]
[SourceTitle "playchess.com"]
[Source "ChessBase"]
[SourceQuality "1"]
[TimeControl "40/5400+30:1800+30"]

1. e4 c5 2. Nf3 e6 3. d4 cxd4 4. Nxd4 Nc6 5. Nc3 Qc7 6. Be3 a6 7. g4 b5 8. Nxc6 Qxc6 9. Qd2 b4 10. Ne2 Nf6 11. f3 Bb7 12. g5 Nh5 13. O-O-O Rc8 14. Nd4 Qc7 15. Nb3 Be7 16. Na5 b3 17. Nxb3 O-O 18. Bd3 d5 19. Kb1 Bd6 20. exd5 Bxd5 21. Bxa6 Ra8 22. Be2 Rfd8 23. Rhf1 Bxh2 24. Bd3 Bf4 25. Bxf4 Nxf4 26. Qh2 g6 27. Rh1 h5 28. gxh6 Kh7 29. Be4 e5 30. Bxd5 Nxd5 31. Rhe1 Qa7 32. a3 f6 33. Rd2 Rd7 34. Red1 Rad8 35. c4 Nf4 36. Rxd7+ Rxd7 37. Rxd7+ Qxd7 38. Qc2 Kxh6 39. c5 g5 40. c6 Qc7 41. Na5 e4 42. fxe4 g4 43. Qc3 Kg6 44. Qc4 Kh5 45. Qb5+ Kh4 46. Nc4 g3 47. Ne3 g2 48. Nxg2+ Nxg2 49. Qb7 Qf4 50. Qh7+ Kg3 51. Qg6+ Kh2 52. Qf5 Qd6 53. Qh7+ Kg1 54. Qd7 Qf4 55. Qd1+ Kh2 56. Qh5+ Kg3 57. Qf5 Qd6 58. Qd5 Qf4 59. Qd3+ Kh2 60. Qc2 Qc7 61. a4 Kg3 62. Qd3+ Kh4 63. Qd7 Qf4 64. Qh7+ Kg3 65. Qf5 Qd2 66. Qd5 Qf4 67. Qd3+ Kh4 68. a5 Ne1 69. Qe2 Nf3 70. a6 f5 71. a7 Nd2+ 72. Kc2 Nf3 73. Qf2+ Kh3 74. a8=Q Qxe4+ 75. Kc1 Qf4+ 76. Kd1 Qd6+ 77. Ke2 Qd2+ 78. Kxf3 Qd3+ 79. Kf4 Qe4+ 80. Kg5 Qe7+ 81. Kxf5 Qf8+ 82. Ke6 Qxa8 83. Qe3+ Kg4 84. Qd4+ Kg5 85. Kd7 Kf5 86. c7 Qb7 87. Qc5+ Kf4 88. Kd8 Qxb2 89. c8=Q Qh8+ 90. Kc7 Qg7+ 91. Qd7 1-0

[Event "FIDE WYCC Girls U18 2023"]
[Site "Montesilvano"]
[Date "2023.11.17"]
[Round "5.3"]
[White "Mungunzul, Bat-Erdene"]
[Black "Petricenco, Ana"]
[Result "1/2-1/2"]
[ECO "D17"]
[WhiteElo "2111"]
[BlackElo "1902"]
[Annotator "NA"]
[PlyCount "118"]
[EventDate "2023.11.13"]
[EventType "swiss"]
[EventCountry "ITA"]
[SourceTitle "playchess.com"]
[Source "ChessBase"]
[SourceQuality "1"]
[TimeControl "40/5400+30:1800+30"]

1. d4 d5 2. c4 c6 3. Nc3 Nf6 4. Nf3 dxc4 5. a4 Bf5 6. Ne5 Nbd7 7. Nxc4 Qc7 8. g3 e5 9. dxe5 Nxe5 10. Bf4 Nfd7 11. Bg2 g5 12. Ne3 gxf4 13. Nxf5 O-O-O 14. Qc2 Nc5 15. O-O fxg3 16. hxg3 a5 17. Rad1 h5 18. Rxd8+ Qxd8 19. Rd1 Qf6 20. Bh3 Kb8 21. Qd2 Ng6 22. Qe3 Qe5 23. Qxe5+ Nxe5 24. Rd4 Kc7 25. Kg2 Ne6 26. Re4 Ng6 27. Nh4 Nxh4+ 28. Rxh4 Bg7 29. Bxe6 fxe6 30. Nd1 Bf6 31. Re4 Kd6 32. b3 b5 33. Ne3 Rb8 34. f3 Rg8 35. Nd1 Be5 36. f4 Bf6 37. Nf2 e5 38. Kf3 exf4 39. Rxf4 Be5 40. Ne4+ Ke6 41. Rh4 Rf8+ 42. Kg2 Kd5 43. Ng5 bxa4 44. bxa4 c5 45. Rxh5 Rh8 46. e4+ Kc4 47. Rxh8 Bxh8 48. Nf7 Bg7 49. Kf3 Kd4 50. Nd6 Be5 51. Nf7 Bf6 52. e5 Be7 53. Kf4 c4 54. Nd6 c3 55. Nb5+ Kd3 56. Nxc3 Kxc3 57. g4 Kd4 58. Kf5 Kd5 59. g5 Bxg5 1/2-1/2